 Dungeon Crawl Stone Soup version 0.29.1-12-g30fa7ad0bf (webtiles) character file.

Game seed: 4631543867479216314

3958 DECONJ the Thaumaturge (level 10, -4/50 HPs)
             Began as a Deep Elf Conjurer on Jan 9, 2023.
             Was an Initiate of Vehumet.
             Slain by Erica
             ... wielding a +1 scimitar of flaming
              (5 damage)
             ... on level 8 of the Dungeon.
             The game lasted 00:25:56 (8896 turns).

DECONJ the Thaumaturge (Deep Elf Conjurer)          Turns: 8896, Time: 00:25:56

Health: -4/50      AC:  5    Str:  4    XL:     10   Next: 2%
Magic:  18/26      EV: 14    Int: 34    God:    Vehumet [......]
Gold:   481        SH:  3    Dex: 13    Spells: 17/29 levels left

rFire   . . .      SeeInvis .   r - +6 spear (venom)
rCold   . . .      Faith    .   H - +0 buckler
rNeg    . . .      Spirit   .   i - +0 leather armour
rPois   +          Reflect  .   s - +0 helmet
rElec   .          Harm     .   t - +0 cloak
rCorr   .          Rampage  .   (no gloves)
Will    +....                   (no boots)
Stlth   ++........              q - amulet of regeneration
HPRegen 0.96/turn               o - +6 ring of intelligence
MPRegen 0.20/turn               g - ring of poison resistance

@: no status effects
A: no striking features
a: Renounce Religion


You were on level 8 of the Dungeon.
You worshipped Vehumet.
Vehumet was noncommittal.
You visited 2 branches of the dungeon, and saw 9 of its levels.
You also visited: Sewer.

You collected 481 gold pieces.

Inventory:

Hand Weapons
 p - a +2 shortbow of freezing
 r - a +6 spear of venom (weapon)
Missiles
 c - 2 javelins
Armour
 i - a +0 leather armour (worn)
 s - a +0 helmet (worn)
 t - a +0 cloak (worn)
 H - a +0 buckler (worn)
Jewellery
 g - a ring of poison resistance (right hand)
 h - a ring of willpower
 o - a +6 ring of intelligence (left hand)
 q - an amulet of regeneration (around neck)
 x - a ring of wizardry
 z - a ring of wizardry
 A - a +4 ring of protection
 K - a ring of fire
 L - a +6 ring of dexterity
Wands
 w - a wand of flame (34)
 I - a wand of paralysis (8)
 J - a wand of iceblast (7)
Scrolls
 d - a scroll of torment {unknown}
 e - 5 scrolls of blinking
 f - 5 scrolls of teleportation
 j - 4 scrolls of fog
 m - a scroll of summoning {unknown}
 D - a scroll of brand weapon {unknown}
 G - 2 scrolls of fear {unknown}
 M - a scroll of amnesia {unknown}
Potions
 a - 2 potions of brilliance
 b - 2 potions of magic
 k - a potion of haste
 l - 3 potions of heal wounds
 n - a potion of lignification {unknown}
 v - 2 potions of attraction
 B - 4 potions of curing
 C - 2 potions of invisibility
 E - 5 potions of flight
 F - 2 potions of mutation


   Skills:
 + Level 9.4 Dodging
 - Level 2.4 Stealth
 + Level 10.4 Spellcasting
 + Level 9.5 Conjurations
 - Level 4.0 Air Magic
 - Level 4.0 Earth Magic


You had 17 spell levels left.
You knew the following spells:

 Your Spells              Type           Power      Damage    Failure   Level
a - Magic Dart            Conj           100%       1d8       1%          1
b - Searing Ray           Conj           100%       2d8       1%          2
c - Passwall              Tmut/Erth      25%        N/A       4%          2
d - Swiftness             Air            44%        N/A       3%          3
e - Iskenderun's Mystic   Conj/Tloc      50%        2d11      9%          4

Your spell library contained the following spells:

 Spells                   Type           Power      Damage    Failure   Level
 Dazzling Flash           Conj/Hex       100%       N/A       2%          3
 Beastly Appendage        Tmut           34%        N/A       6%          1
 Summon Small Mammal      Summ           68%        N/A       6%          1
 Fulminant Prism          Conj/Hex       25%        3d14      9%          4
 Ensorcelled Hibernation  Hex/Ice        34%        N/A       10%         2
 Wereblood                Tmut           17%        N/A       10%         2
 Call Canine Familiar     Summ           17%        N/A       19%         3
 Spider Form              Tmut/Pois      17%        N/A       19%         3
 Summon Guardian Golem    Hex/Summ       17%        N/A       19%         3


Dungeon Overview and Level Annotations

Branches:
Dungeon (8/15)             Temple (1/1) D:4            Lair (0/5) D:8
  Sewer (visited)

Altars:
Ashenzari
Cheibriados
Elyvilon
Fedhas
Gozag
Nemelex Xobeh
Okawaru
Qazlal
Sif Muna
Trog
Uskayaw
Vehumet
Wu Jian
Xom
Yredelemnul
Zin

Shops:
D:2 [

Annotations:
D:8 Erica


Message History

Unknown command.
The searing ray hits the sky beast!
The sky beast is heavily wounded.
The searing ray hits something.
The searing ray hits the sky beast.
The sky beast is severely wounded.
The sky beast flickers out of sight!
Something hits you. Something shocks you.
The searing ray hits something!
Vehumet accepts your kill.
Reactivating autopickup.
You feel a bit more experienced.
You finish channelling your searing ray.
Something hits you! Something burns you.
Deactivating autopickup; reactivate with Ctrl-A.
You see here a sky beast corpse.
Something hits you. Something burns you.
Casting: Searing Ray (safe; 1% risk of failure)
Confirm with . or Enter, or press ? or * to list all spells.
You can't see any susceptible monsters within range! (Use Z to cast anyway.) Unknown command.
Unknown command.
Casting: Searing Ray (safe; 1% risk of failure)
Confirm with . or Enter, or press ? or * to list all spells.
Aiming: Searing Ray (safe; 1% risk of failure)
Press: ? - help, Shift-Dir - straight line The searing ray hits something! (Press . to maintain the ray.)
Something hits you. Something burns you.
The searing ray hits something!
Something hits you! Something burns you.
* * * LOW HITPOINT WARNING * * *
The searing ray hits something.
Something hits you.
* * * LOW HITPOINT WARNING * * *
Something burns you.
* * * LOW HITPOINT WARNING * * *
The searing ray hits something.
You finish channelling your searing ray.
Something hits you!
* * * LOW HITPOINT WARNING * * *
Something burns you.
You die...

##.........#.#.#.####...#####
#... ......#.....# ##.......
#... #.....####### ##.?÷...
#...##.......#..## ####...
#...##.....###..## ###.
#.........# ##.[## #. .#
##........## ##..## #. ..#
##........# ##..## #. #..#
#.....#.@## ##..## #. #..#
#.....##{.### #...## #. #..#
##.....###...###....## ##.
#..##.......###..........###..
#.....##....##†..............
##....####...................
#....## #.......#######.....
##.##..###.....### #<....
#.#####...<##..# #..#.#


There were no monsters in sight!

Vanquished Creatures
  Grinder (D:3)
  The ghost of p0werm0de the Sneak, an amateur OpDe of Kikubaaqudgha (D:4)
  Prince Ribbit (D:8)
  Sigmund (D:3)
  A wyvern (D:7)
  A steam dragon (D:6)
  2 water moccasins
  2 orc warriors
  A black bear (D:6)
  3 sky beasts
  An ice beast (D:6)
  2 ogres
  3 centaurs
  2 phantoms
  Blork the orc (D:6)
  4 bullfrogs
  3 necrophages
  2 scorpions (D:5)
  4 killer bees (D:8)
  A howler monkey (D:6)
  2 orc priests
  A jelly (D:7)
  3 quasits (D:4)
  4 hounds
  Natasha (D:3)
  2 iguanas
  2 orc wizards
  A merfolk siren (Sewer)
  A merfolk avatar (Sewer)
  Robin (D:4)
  7 adders
  3 river rats (Sewer)
  7 worms
  3 dart slugs
  11 orcs
  9 endoplasms
  3 giant cockroaches
  17 goblins
  3 hobgoblins
  4 quokkas
  7 ball pythons
  4 bats
  8 frilled lizards
  4 kobolds
  28 rats
173 creatures vanquished.

Vanquished Creatures (others)
  An orc wizard (D:7)
  6 demonic plants (D:3)
  4 fungi (D:3)
  2 plants (D:3)
  A withered plant (D:3)
14 creatures vanquished.

Grand Total: 187 creatures vanquished

Notes
Turn   | Place    | Note
-------+----------+-------------------------------------------
     0 | D:1      | DECONJ the Deep Elf Conjurer began the quest for the Orb.
     0 | D:1      | Reached XP level 1. HP: 10/10 MP: 6/6
   264 | D:1      | Reached XP level 2. HP: 15/15 MP: 4/8
   462 | D:1      | Learned a level 2 spell: Searing Ray
   845 | D:2      | You fall into a shaft and drop 1 floor!
   873 | D:3      | Found a stormy altar of Qazlal.
   895 | D:3      | Reached XP level 3. HP: 19/19 MP: 2/10
  1023 | D:3      | Noticed Grinder
  1031 | D:3      | Paralysed by Grinder for 4 turns
  1049 | D:1      | Reached skill level 5 in Conjurations
  1494 | D:2      | Found Vogoodgh's Antique Armour Shop.
  1549 | D:2      | Learned a level 2 spell: Passwall
  1553 | D:2      | Learned a level 3 spell: Swiftness
  1692 | D:3      | Reached skill level 4 in Spellcasting
  1814 | D:3      | Found a faded altar of an unknown god.
  1946 | D:3      | Noticed Sigmund
  1952 | D:3      | Killed Sigmund
  1953 | D:3      | Reached skill level 1 in Air Magic
  1953 | D:3      | Reached skill level 1 in Earth Magic
  1953 | D:3      | Reached XP level 4. HP: 19/24 MP: 2/12
  1953 | D:3      | Reached XP level 5. HP: 22/28 MP: 2/14
  2439 | D:3      | Noticed Natasha
  2442 | D:3      | Killed Natasha
  2443 | D:3      | Reached XP level 6. HP: 32/32 MP: 11/15
  2713 | D:4      | Reached skill level 5 in Spellcasting
  2775 | D:4      | Found a hide-covered altar of Uskayaw.
  2775 | D:4      | Found a shimmering altar of Xom.
  2948 | D:4      | Noticed Robin
  2963 | D:4      | Killed Robin
  3056 | D:4      | Found a transporter.
  3060 | D:4      | Noticed p0werm0de's ghost (amateur OpDe)
  3078 | D:4      | Found a transporter.
  3352 | D:4      | Found a staircase to the Ecumenical Temple.
  3356 | D:4      | Reached XP level 7. HP: 36/36 MP: 12/17
  3361 | Temple   | Entered the Ecumenical Temple
  3842 | D:5      | Entered Level 5 of the Dungeon
  4017 | D:5      | Reached skill level 5 in Dodging
  4162 | D:5      | Reached skill level 6 in Spellcasting
  4522 | D:5      | Reached XP level 8. HP: 41/41 MP: 13/19
  4773 | D:6      | Noticed Blork the orc
  4778 | D:6      | Killed Blork the orc
  4802 | D:6      | Reached skill level 7 in Spellcasting
  4999 | D:6      | Found a glowing drain.
  5059 | Sewer    | Entered a sewer
  5073 | Sewer    | Learned a level 4 spell: Iskenderun's Mystic Blast
  6160 | D:6      | Reached skill level 8 in Spellcasting
  6256 | D:6      | Found a radiant altar of Vehumet.
  6268 | D:6      | Became a worshipper of Vehumet
  6462 | D:6      | Reached XP level 9. HP: 45/45 MP: 14/23
  7304 | D:7      | Reached skill level 9 in Spellcasting
  7521 | D:7      | Found a broken altar of Ashenzari.
  7829 | D:7      | Found an ornate altar of the Wu Jian Council.
  7929 | D:8      | Identified the +1 ring mail of the Four Hosts {rPois rN++}
  7941 | D:8      | Noticed Prince Ribbit
  7954 | D:8      | Killed Prince Ribbit
  8151 | D:4      | Killed p0werm0de's ghost
  8152 | D:4      | Reached skill level 10 in Spellcasting
  8207 | D:3      | Paralysed by Grinder for 5 turns
  8217 | D:3      | Killed Grinder
  8407 | D:8      | Noticed Erica
  8588 | D:8      | Found a staircase to the Lair.
  8740 | D:8      | Reached XP level 10. HP: 36/50 MP: 21/26
  8830 | D:8      | Found a snail-covered altar of Cheibriados.
  8896 | D:8      | HP: 1/50 [something (12)]
  8896 | D:8      | Slain by Erica

Illustrated notes

Levels and vault maps discovered:
D:1:      eino_arrival_cavern_e, layout_basic
D:2:      layout_basic, serial_shops, nicolae_shop_trees
D:3:      layout_rooms, nicolae_qazlal_scattered_showers, serial_curves,
          eino_curves_03, eino_curves_04, shapermc_ecumenical_altar_gd,
          nicolae_wormholes, uniq_sigmund, uniq_grinder, uniq_natasha
D:4:      layout_basic, gammafunk_temple_overflow_elements,
          minmay_temple_entry_proselytizer, gammafunk_ghost_stat_death,
          uniq_robin
D:5:      layout_cave_pools, minmay_puff
D:6:      layout_basic, vehumet_altar_wand_db, cheibrodos_sewer_entry_bend,
          uniq_blork_the_orc
D:7:      layout_loops_ring, evilmike_ruin_ashenzari, nzn_wu_jian_contemplation,
          hangedman_abyss_or_decor_lesser_grid, kennysheep_decorative_pillar,
          nrook_mini_backslash
D:8:      layout_layer_cave, kennysheep_little_box, lair_entry_dummy,
          uniq_prince_ribbit1, uniq_erica
Temple:   nicolae_temple_figure_zero

Skill      XL: |  1  2  3  4  5  6  7  8  9 |
---------------+----------------------------+-----
Dodging        | 3 4 5 7 9 |  9.4
Conjurations   | 5 6 8 9 |  9.5
Spellcasting   | 4 5 6 8 10 | 10.4
Air Magic      | 1 2 3 4 |  4.0
Earth Magic    | 1 2 4 |  4.0
Stealth        | |  2.4

Action                   |  1- 3 |  4- 6 |  7- 9 | 10-12 || total
-------------------------+-------+-------+-------+-------++-------
Melee: Unarmed           |     1 |       |       |       ||     1
       Spear             |       |       |    39 |       ||    39
 Cast: Magic Dart        |    72 |    32 |    98 |     1 ||   203
       Searing Ray       |     4 |    16 |    55 |     2 ||    77
       Iskenderun's Myst |       |       |     6 |       ||     6
  Use: Scroll            |       |       |     9 |       ||     9
Armor: Robe              |     1 |     5 |    24 |       ||    30
       Leather armour    |       |       |    21 |       ||    21
Dodge: Dodged            |    14 |    10 |   116 |       ||   140
Block: Buckler           |       |       |     6 |       ||     6
